 Dungeon Crawl Stone Soup version 0.30-a0-777-ga9a30cbeda (webtiles) character file.

Game seed: 10768621347972490286

600 Dirtsage the Chopper (level 7, 0/52 HPs)
             Began as a Demonspawn Fighter on Feb 14, 2023.
             Succumbed to an orc wizard's poison
             ... on level 3 of the Dungeon.
             The game lasted 00:04:43 (2147 turns).

Dirtsage the Chopper (Demonspawn Fighter)           Turns: 2147, Time: 00:04:44

Health: 0/52       AC:  6    Str: 17 (19) XL:     7   Next: 18%
Magic:  16/16      EV:  8    Int:  8 (9)  God:
Gold:   132        SH:  4    Dex:  9 (12) Spells: 6/6 levels left

rFire   + . .      SeeInvis .    a - +0 war axe
rCold   + . .      Faith    .    c - +0 buckler
rNeg    . . .      Spirit   .    b - +0 scale mail
rPois   +          Reflect  .    (no helmet)
rElec   +          Harm     .    (no cloak)
rCorr   +          Rampage  .    (no gloves)
Will    .....                    (no boots) Stlth
                                 (no amulet)
HPRegen 0.28/turn                o - ring of magical power
MPRegen 0.15/turn                (no ring)

@: mighty, brilliant, lethally poisoned (0 -> -4), resistant, flying, hasted,
very quick
A: powered by death 1, weakness stinger 2
a: no special abilities


You were on level 3 of the Dungeon.
You visited 1 branch of the dungeon, and saw 3 of its levels.
You also visited: Sewer.

You collected 132 gold pieces.

Inventory:

Hand Weapons
 a - a +0 war axe (weapon)
Missiles
 r - 4 silver javelins (quivered)
Armour
 b - a +0 scale mail (worn)
 c - a +0 buckler (worn)
 e - a +0 kite shield
Magical Staves
 v - a staff of poison
Jewellery
 o - a ring of magical power (left hand)
Scrolls
 g - 4 scrolls of identify {unknown}
 i - a scroll of enchant weapon {unknown}
 l - a scroll of summoning {unknown}
 m - 3 scrolls of fog {unknown}
 p - a scroll of blinking {unknown}
 s - a scroll of enchant armour {unknown}
Potions
 d - a potion of might
 j - a potion of ambrosia {unknown}
 k - a potion of brilliance
 n - a potion of resistance
 t - a potion of lignification {unknown}
 u - a potion of magic {unknown}
 x - a potion of invisibility {unknown}
 z - a potion of heal wounds {unknown}
 B - a potion of attraction {unknown}


   Skills:
 - Level 3.0 Fighting
 * Level 7.3 Axes
 - Level 2.6 Armour
 - Level 2.6 Shields


You had 6 spell levels left.
You didn't know any spells.
Your spell library was empty.

Dungeon Overview and Level Annotations

Branches:
Dungeon (3/15)              Sewer (visited)

Altars:
Hepliaklqana


Innate Abilities, Weirdness & Mutations

You regenerate a little health from kills.
You have a tail ending in a sharp stinger.


Message History

Throw: dart (curare)
Press: ? - help, Shift-Dir - straight line, f - orc
Aim: an orc, wielding a +0 dagger and wearing a +0 ring mail (61% to hit)
You throw a curare-tipped dart.
The curare-tipped dart completely misses the orc.
Something hits you.
* * * LOW HITPOINT WARNING * * *
You take 2 damage, and have 11/52 hp.
You feel very mighty all of a sudden. Something hits you but does no damage.
You miss something. Something hits you but does no damage.
You closely miss something. Something hits you.
* * * LOW HITPOINT WARNING * * *
You are poisoned.
Something hits you.
* * * LOW HITPOINT WARNING * * *
You take 1 damage, and have 10/52 hp.
You miss something.
Your tail-slap misses something.
* * * LOW HITPOINT WARNING * * *
You feel very sick. Something hits you but does no damage.
You take 4 damage, and have 6/52 hp.
It was a potion of haste.
You feel yourself speed up.
* * * LOW HITPOINT WARNING * * *
You feel sick. Something hits you.
* * * LOW HITPOINT WARNING * * *
You take 4 damage, and have 2/52 hp.
It was a potion of flight.
You feel very buoyant.
You fly up into the air.
* * * LOW HITPOINT WARNING * * *
You feel sick.
You take 1 damage, and have 1/52 hp.
You closely miss something.
* * * LOW HITPOINT WARNING * * *
You feel sick. Something hits you but does no damage.
It was a potion of degeneration.
There was something very wrong with that liquid.
You feel weakened.
You feel dopey.
You feel clumsy.
You die...

#.# #######..# #†# #.#
........# #.# #.#
#######.# #.# #.# ###
#.### #.# ..# #.#.## #.##
#.# #..#.###..# #.#
##.###.###.##
#.#.###l###.## ##.....##
..(...)o{@...###.#.....#
##.#.#.#####.#.##.#.#.###
#)######>......~....
..........##~~.~≈##.
.#########.##≈~.~~##† #.
#.≈~.....≈~. #
#.≈~[....~~. #.≈≈........
#.~~...~~~~.


You could see an orc and a frilled lizard.

Vanquished Creatures
  Sigmund (D:2)
  4 kobold brigands (Sewer)
  An orc priest (D:3)
  Natasha (D:3)
  3 river rats
  An adder (D:3)
  3 worms (D:3)
  A dart slug (D:1)
  6 orcs (D:3)
  8 ball pythons
  5 endoplasms
  2 giant cockroaches (D:1)
  7 goblins
  4 hobgoblins
  4 jackals (D:1)
  3 quokkas
  3 bats
  3 frilled lizards (D:1)
  14 kobolds
  17 rats
91 creatures vanquished.

Notes
Turn   | Place    | Note
-------+----------+-------------------------------------------
     0 | D:1      | Dirtsage the Demonspawn Fighter began the quest for the
                  | Orb.
     0 | D:1      | Reached XP level 1. HP: 18/18 MP: 1/1
    22 | D:1      | Reached skill level 2 in Axes
    31 | D:1      | Gained mutation: You regenerate a little health from kills.
                  | [demonic ancestry]
    31 | D:1      | Reached XP level 2. HP: 24/24 MP: 2/2
   105 | D:1      | Reached skill level 3 in Axes
   286 | D:1      | Gained mutation: You have a small tail. [demonic ancestry]
   286 | D:1      | Reached XP level 3. HP: 29/29 MP: 3/3
   725 | D:2      | Noticed Sigmund
   731 | D:2      | Killed Sigmund
   732 | D:2      | Reached skill level 5 in Axes
   732 | D:2      | Reached XP level 4. HP: 28/35 MP: 4/4
   732 | D:2      | Reached XP level 5. HP: 33/41 MP: 5/5
   954 | D:2      | Found a hazy altar of Hepliaklqana.
  1337 | D:3      | Found a glowing drain.
  1378 | Sewer    | Entered a sewer
  1420 | Sewer    | Reached XP level 6. HP: 47/47 MP: 6/6
  1427 | Sewer    | Reached skill level 6 in Axes
  1588 | Sewer    | Reached skill level 7 in Axes
  1592 | Sewer    | Gained mutation: You have a tail ending in a sharp stinger.
                  | [demonic ancestry]
  1592 | Sewer    | Reached XP level 7. HP: 52/52 MP: 7/7
  1774 | D:3      | Noticed Natasha
  1787 | D:3      | Killed Natasha
  2144 | D:3      | HP: 2/52 [something (3)]
  2147 | D:3      | Succumbed to an orc wizard's poison

Illustrated notes

Levels and vault maps discovered:
D:1:      wander_arrival_lonely_grave, layout_rooms
D:2:      layout_basic, basic_altar, uniq_sigmund
D:3:      layout_loops_ring, cheibrodos_sewer_entry_sluice, uniq_natasha

Skill      XL: |  1  2  3  4  5  6 |
---------------+-------------------+-----
Axes           | 2 3 5 7 |  7.3
Fighting       | |  3.0
Armour         | |  2.6
Shields        | |  2.6

Action                     |  1- 3 |  4- 6 |  7- 9 || total
---------------------------+-------+-------+-------++-------
  Melee: War axe           |    70 |    84 |    69 ||   223
         Tailslap          |     1 |    14 |     6 ||    21
  Throw: Dart              |       |       |     1 ||     1
    Use: Potion            |     1 |       |     9 ||    10
 Armour: Scale mail        |    42 |    37 |    36 ||   115
  Dodge: Dodged            |    27 |    48 |    25 ||   100
  Block: Buckler           |    19 |    20 |    16 ||    55

Table legend: (Time is in decaauts)
 A = Elapsed time spent in this place.
 B = Non-inter-level travel time spent in this place.
 C = Inter-level travel time spent in this place.
 D = Time resting spent in this place.
 E = Time spent auto-exploring this place.
 F = Levels seen in this place.
 G = Mean time per level.
                   A        B        C        D        E       F      G
               +--------+--------+--------+--------+--------+-----+--------+
         Total |   2213 |   2173 |     40 |     88 |   1530 |   4 |  553.2 |
       Dungeon |   1805 |   1765 |     40 |     88 |   1270 |   3 |  601.7 |
         Sewer |    408 |    408 |      0 |      0 |    260 |   1 |  408.0 |
               +--------+--------+--------+--------+--------+-----+--------+

Top non-repeatable levels by time:
     D:2: 846 daAuts
     D:3: 522 daAuts
     D:1: 436 daAuts
   Sewer: 408 daAuts
